 Dungeon Crawl Stone Soup version 0.29-a0-504-gec6baf379c (webtiles) character file.

Game seed: 9208640870808091988

22 Morbidden the Sneak (level 2, 0/17 HPs)
             Began as a Vampire Brigand on May 28, 2022.
             Slain by a goblin
             ... wielding a +0 club
             ... led by Robin
              (4 damage)
             ... on level 2 of the Dungeon.
             The game lasted 00:00:47 (394 turns).

Morbidden the Sneak (Vampire Brigand)                Turns: 394, Time: 00:00:48

Health: 0/17       AC:  3    Str: 10    XL:     2   Next: 68%
Magic:  2/2        EV: 12    Int: 13    God:
Gold:   39         SH:  0    Dex: 15    Spells: 1/1 levels left

rFire   . . .      SeeInvis +   a - +2 dagger
rCold   + + .      Faith    .   (no shield)
rNeg    + + +      Spirit   .   b - +0 robe
rPois   ∞          Reflect  .   (no helmet)
rElec   .          Harm     .   c - +0 cloak
rCorr   .          Rampage  .   (no gloves)
Will    .....                   (no boots)
Stlth   +++++.....              (no amulet)
HPRegen 0.00/turn               (no ring)
MPRegen 0.08/turn               (no ring)

@: bloodless, inhibited regen
A: bloodless, fangs 3, see invisible, vampiric 1
a: Revivify


You were on level 2 of the Dungeon.
You visited 1 branch of the dungeon, and saw 2 of its levels.

You collected 39 gold pieces.

Inventory:

Hand Weapons
 a - a +2 dagger (weapon)
Missiles
 d - 9 poisoned darts (quivered)
 e - 3 curare-tipped darts
Armour
 b - a +0 robe (worn)
 c - a +0 cloak (worn)


   Skills:
 * Level 1.9 Fighting
 * Level 2.3 Short Blades
 + Level 1.5 Throwing
 * Level 1.3 Dodging
 * Level 6.8 Stealth
 * Level 0.2 Spellcasting


You had one spell level left.
You didn't know any spells.
Your spell library was empty.

Dungeon Overview and Level Annotations

Branches:
Dungeon (1/15)

Altars:


Innate Abilities, Weirdness & Mutations

You do not regenerate when monsters are visible.
You are frail without blood (-20% HP).
You can heal yourself when you bite living creatures.
You are immune to poison.
You have razor-sharp teeth.
You have supernaturally acute eyesight. (SInv)
You are afflicted with vampirism.


Message History

The goblin hits you with a +0 dagger.
* * * LOW HITPOINT WARNING * * *
Unknown command.
You barely miss Robin.
Robin is severely wounded.
The goblin barely misses you.
Unknown command.
The hobgoblin shouts!
You hit Robin.
You kill Robin!
A goblin comes into view. It is wielding a +0 club.
The goblin barely misses you.
Unknown command.
You closely miss the goblin. The goblin closely misses you.
The goblin completely misses you.
Unknown command.
The goblin shouts!
You hit the goblin.
You kill the goblin!
The goblin no longer looks unusually strong. x2
Unknown command.
You hit the goblin.
The goblin is severely wounded.
The goblin barely misses you.
Unknown command.
You hit the goblin.
You kill the goblin!
The goblin no longer looks unusually strong.
A goblin comes into view. It is wielding a +0 dagger.
Unknown command.
You closely miss the goblin.
The goblin no longer looks unusually strong.
The goblin hits you but does no damage.
Unknown command.
You closely miss the goblin. Your bite misses the goblin.
The goblin barely misses you.
Unknown command.
You barely miss the goblin. Your bite misses the goblin.
The goblin hits you with a +0 club.
You die...

..+.....
#######.#....
##.....#.....
#......#..#.#
#..†...#..#.########
#..$..$#...........#
##+#$..............#
#)###...........#
#@# #.###########
#g# #.# #g# #.# #g#
#.# #g# #.#


.gg ..# #g# ... You could see 2 hobgoblins and 5 goblins.

Vanquished Creatures
  Robin (D:2)
  A dart slug (D:1)
  A giant cockroach (D:2)
  4 goblins (D:2)
  A quokka (D:1)
  A rat (D:1)
9 creatures vanquished.

Notes
Turn   | Place    | Note
-------+----------+-------------------------------------------
     0 | D:1      | Morbidden the Vampire Brigand began the quest for the Orb.
     0 | D:1      | Reached XP level 1. HP: 16/16 MP: 1/1
   102 | D:1      | Reached skill level 6 in Stealth
   349 | D:1      | You fall into a shaft and drop 1 floor!
   370 | D:2      | Noticed Robin
   378 | D:2      | Reached XP level 2. HP: 13/17 MP: 2/2
   387 | D:2      | Killed Robin
   394 | D:2      | Slain by a goblin

Illustrated notes

Levels and vault maps discovered:
D:1:      dpeg_arrival_simpleton_c, layout_basic, chequers_serial_rivers_large_a
D:2:      layout_basic, basic_altar, uniq_robin, uniq_jessica

Skill      XL: |  1 |
---------------+----+-----
Stealth        | 6 |  6.8
Fighting       | |  1.9
Short Blades   | |  2.3
Throwing       | |  1.5
Dodging        | |  1.3
Spellcasting   | |  0.2

Action                   || total
-------------------------++-------
Melee: Dagger            ||    36
       Bite              ||     1
 Abil: Exsanguinate      ||     1
 Stab: Sleeping          ||     1
Armor: Robe              ||     6
Dodge: Dodged            ||    19

Table legend: (Time is in decaauts)
 A = Elapsed time spent in this place.
 B = Non-inter-level travel time spent in this place.
 C = Inter-level travel time spent in this place.
 D = Time resting spent in this place.
 E = Time spent auto-exploring this place.
 F = Levels seen in this place.
 G = Mean time per level.
                   A        B        C        D        E       F      G
               +--------+--------+--------+--------+--------+-----+--------+
         Total |    389 |    389 |      0 |      0 |    326 |   2 |  194.5 |
       Dungeon |    389 |    389 |      0 |      0 |    326 |   2 |  194.5 |
               +--------+--------+--------+--------+--------+-----+--------+

Top non-repeatable levels by time:
     D:1: 347 daAuts
     D:2: 42 daAuts
